 Dungeon Crawl Stone Soup version 0.27-a0-245-g075faa5519 (webtiles) character file.

Game seed: 10168393075598544798

27220 KennyOmg the Blocker (level 13, -6/102 (113) HPs)
             Began as a Minotaur Berserker on Feb 3, 2021.
             Was a High Priest of Trog.
             Mangled by a skeletal warrior
             ... wielding a +0 scimitar
             ... led by a skeletal warrior
              (13 damage)
             ... on level 13 of the Dungeon.
             The game lasted 00:25:07 (13638 turns).

KennyOmg the Blocker (Minotaur Berserker)          Turns: 13638, Time: 00:25:08

HP:   -6/102 (113)  AC: 18    Str: 29    XL:     13   Next: 3%
MP:   12/12         EV:  7    Int:  6    God:    Trog [*****.]
Gold: 565           SH: 14    Dex:  4    Spells: 12/12 levels left

rFire    . . .     SeeInvis .   a - +9 morningstar "Xamepn" {vorpal, rElec Will+ Dex-4 Stlth+}
rCold    + . .     Faith    .   j - +1 kite shield
rNeg     . . .     Spirit   .   O - +0 plate armour
rPois    .         Reflect  .   (helmet restricted)
rElec    +         Harm     .   x - +0 cloak
rCorr    .         Rampage  .   J - +0 pair of gloves of the Slightly Bent {+Inv rElec rC+ Dex-4}
Will     +....                  P - +0 pair of boots
Stlth    ..........             e - amulet of regeneration
HPRegen  0.67/turn              s - +6 ring of strength
MPRegen  0.13/turn              r - +4 ring of protection

@: berserk cooldown, slowed, drained, very slow
A: retaliatory headbutt, horns 2
a: Renounce Religion, Evoke Invisibility, Berserk, Trog's Hand, Brothers in Arms


You were on level 13 of the Dungeon.
You worshipped Trog.
Trog was extremely pleased with you.
You visited 1 branch of the dungeon, and saw 13 of its levels.

You collected 878 gold pieces.
You spent 313 gold pieces at shops.

Inventory:

Hand Weapons
 a - the +9 morningstar "Xamepn" (weapon) {vorpal, rElec Will+ Dex-4 Stlth+}
   (You found it on level 8 of the Dungeon)

   It inflicts extra damage upon your enemies.
   It affects your dexterity (-4).
   It insulates you from electricity.
   It affects your willpower, your defense against some magical effects.
   It makes you more stealthy.
 b - a +0 scimitar of flaming
   (You took it off Erica on level 11 of the Dungeon)
 I - a +0 hunting sling
   (You took it off a goblin on level 2 of the Dungeon)
Missiles
 m - 411 stones
 n - 130 sling bullets
 p - 60 poisoned darts (quivered)
 F - 2 throwing nets {!f}
Armour
 j - a +1 kite shield (worn)
   (You found it on level 2 of the Dungeon)
 x - a +0 cloak (worn)
   (You found it on level 3 of the Dungeon)
 J - the +0 pair of gloves of the Slightly Bent (worn) {+Inv rElec rC+ Dex-4}
   (You bought it in a shop on level 5 of the Dungeon)

   It affects your dexterity (-4).
   It protects you from cold.
   It insulates you from electricity.
   It lets you turn invisible.
 O - a +0 plate armour (worn)
   (You found it on level 7 of the Dungeon)
 P - a +0 pair of boots (worn)
   (You found it on level 7 of the Dungeon)
Jewellery
 e - an amulet of regeneration (around neck)
   (You found it on level 4 of the Dungeon)
 h - an uncursed ring of positive energy
   (You found it on level 1 of the Dungeon)
 i - an uncursed ring of protection from fire
   (You found it on level 4 of the Dungeon)
 r - a +4 ring of protection (right hand)
   (You found it on level 3 of the Dungeon)
 s - a +6 ring of strength (left hand)
   (You found it on level 3 of the Dungeon)
 y - a +4 ring of evasion
   (You found it on level 12 of the Dungeon)
Wands
 t - a wand of flame (10)
   (You found it on level 12 of the Dungeon)
 u - a wand of paralysis (9)
   (You found it on level 11 of the Dungeon)
Scrolls
 f - a scroll of enchant weapon
 o - 2 scrolls of enchant armour
 q - 7 scrolls of remove curse {@r2}
 w - a scroll of fog
 K - 4 scrolls of teleportation {@r4}
Potions
 c - 4 potions of heal wounds {@q2}
 d - 2 potions of might
 g - a potion of berserk rage {unknown}
 k - 3 potions of flight
 v - 5 potions of curing {@q1}
 z - 3 potions of lignification {!q}
 A - 5 potions of attraction {!q}
 B - 2 potions of magic
 C - 3 potions of haste {@q3}
 D - 2 potions of ambrosia {unknown}
 H - a potion of cancellation
 M - 2 potions of mutation {!q}


   Skills:
 + Level 10.1 Fighting
 - Level 13.2(15.5) Axes
 - Level 14.0(16.0) Maces & Flails
 - Level 2.4 Armour
 - Level 2.1 Dodging
 * Level 14.5 Shields


You had 12 spell levels left.
You didn't know any spells.
Your spell library was empty.

Dungeon Overview and Level Annotations

Branches:
Dungeon (13/15)            Temple (0/1) D:6            Lair (0/6) D:10
    Orc (0/2) D:10
 Vaults: D:13-14

Altars:
Ashenzari
Cheibriados
Elyvilon
Fedhas
Gozag
Okawaru
Sif Muna
Uskayaw
Vehumet
Wu Jian
Yredelemnul
Zin
The Shining One
Beogh

Shops:
D:4 }   D:5 [   D:7 [   D:11 (

Annotations:
D:5 2 transporters, anet's ghost, amateur GnHu


Innate Abilities, Weirdness & Mutations

You reflexively headbutt those who attack you in melee.
You have a pair of horns on your head.


Message History

* * * LOW HITPOINT WARNING * * *
You feel a strong urge to attack something.
A skeletal warrior comes into view. It is wielding a +0 halberd.
You block the skeletal warrior's attack.
You bludgeon the skeletal warrior!!
Your headbutt misses the skeletal warrior.
You block the skeletal warrior's attack.
The skeletal warrior hits you but does no damage.
You closely miss the skeletal warrior.
Your headbutt misses the skeletal warrior.
You closely miss the skeletal warrior.
The skeletal warrior hits you with a +0 scimitar!
* * * LOW HITPOINT WARNING * * *
The skeletal warrior hits you with a +0 glaive!
* * * LOW HITPOINT WARNING * * *
You bludgeon the skeletal warrior!!
You block the skeletal warrior's attack.
You barely miss the skeletal warrior. You headbutt the skeletal warrior!
The skeletal warrior hits you with a +0 scimitar!
* * * LOW HITPOINT WARNING * * *
You sock the skeletal warrior! You headbutt the skeletal warrior.
You block the skeletal warrior's attack. x2
Your plate armour prevents you from hitting the skeletal warrior.
The skeletal warrior hits you but does no damage.
You hit the skeletal warrior.
You destroy the skeletal warrior!
Trog accepts your kill.
You closely miss the skeletal warrior.
Your headbutt misses the skeletal warrior.
You block the skeletal warrior's attack.
You puncture the skeletal warrior!
The skeletal warrior hits you but does no damage.
You hit the skeletal warrior.
You block the skeletal warrior's attack.
You closely miss the skeletal warrior.
You block the skeletal warrior's attack.
The skeletal warrior completely misses you.
You furiously retaliate!
You headbutt the skeletal warrior! You bludgeon the skeletal warrior!!
Your headbutt misses the skeletal warrior.
You are no longer berserk.
You are exhausted.
You feel yourself slow down.
You block the skeletal warrior's attack.
You hit the skeletal warrior but do no damage.
You headbutt the skeletal warrior, but do no damage.
The skeletal warrior hits you with a cursed -3 glaive!
* * * LOW HITPOINT WARNING * * *
The skeletal warrior hits you with a +0 scimitar!
You die...

######.#.# #.#.# #.#.#
#.#.# #.#.# #.#.# #.#.#
######.#.# #.#.#
.........# #.#.#
######.########.#.######
######.........z#z......
...†............@)z.....
########################
#


You could see 3 skeletal warriors.

Vanquished Creatures
  Fannar (D:11)
  A boulder beetle (D:13)
  3 hydras
  Erica (D:11)
  A death knight (D:12)
  4 two-headed ogres
  Urug (D:11)
  6 skeletal warriors (D:13)
  An unseen horror (D:12)
  Pikel (D:7)
  3 ugly things
  A manticore (D:11)
  2 gargoyles (D:13)
  4 centaur skeletons
  3 trolls
  4 slime creatures (D:12)
  Grinder (D:4)
  A wyvern (D:9)
  15 yaks
  4 wraiths
  A basilisk (D:13)
  The ghost of VeinyPole the Sneak, an amateur KoHu (D:3)
  2 water moccasins
  A water moccasin (shapeshifter) (D:12)
  5 ice beasts
  A hornet zombie (D:10)
  5 sky beasts
  6 orc warriors
  An eye of draining (D:13)
  8 ogres
  A necrophage (D:8)
  3 wolves (D:10)
  5 centaurs
  2 lemures (D:7)
  2 phantoms
  A big kobold (D:11)
  4 bullfrogs
  A wyvern zombie (D:6)
  2 scorpions
  12 killer bees
  12 wights
  10 howler monkeys
  An electric eel (D:10)
  4 bullfrog zombies
  9 hounds
  2 jellies
  A quasit (D:12)
  A gnoll shaman (D:9)
  4 centaur zombies
  6 orc priests
  2 bullfrog skeletons
  4 iguanas
  9 orc wizards
  13 worker ants
  A statue (D:9)
  2 hound zombies
  A hound skeleton (D:6)
  A howler monkey zombie (D:3)
  2 worker ant zombies
  7 adders
  4 gnolls (D:9)
  A howler monkey skeleton (D:10)
  3 shadow imps
  A white imp (D:5)
  An ufetubus (D:5)
  An ooze (D:5)
  2 adder skeletons (D:9)
  A worm (D:2)
  A dart slug (D:4)
  5 leopard geckos
  44 orcs
  A ball python (D:1)
  4 bats
  4 giant cockroaches
  2 gnoll zombies (D:4)
  6 goblins
  3 hobgoblins
  11 jackals
  4 quokkas
  5 frilled lizards
  16 kobolds
  A quokka skeleton (D:8)
  2 rats
337 creatures vanquished.

Vanquished Creatures (collateral kills)
  A skeletal warrior (D:13)
1 creature vanquished.

Vanquished Creatures (others)
  An orc (D:11)
1 creature vanquished.

Grand Total: 339 creatures vanquished

Notes
Turn   | Place    | Note
-------+----------+-------------------------------------------
     0 | D:1      | KennyOmg the Minotaur Berserker began the quest for the
                  | Orb.
     0 | D:1      | Reached XP level 1. HP: 19/19 MP: 0/0
   304 | D:1      | Reached XP level 2. HP: 27/27 MP: 1/1
  1191 | D:2      | Reached XP level 3. HP: 33/33 MP: 2/2
  1192 | D:2      | Found a faded altar of an unknown god.
  1248 | D:2      | Reached ** piety under Trog
  1859 | D:3      | Reached skill level 1 in Shields
  1892 | D:3      | Found a hide-covered altar of Uskayaw.
  1921 | D:3      | Found a white marble altar of Elyvilon.
  1978 | D:3      | Found a glowing golden altar of the Shining One.
  2126 | D:3      | Found a glowing silver altar of Zin.
  2164 | D:3      | Reached skill level 5 in Axes
  2164 | D:3      | Reached XP level 4. HP: 25/41 MP: 3/3
  2335 | D:3      | Found a runed translucent gate.
  2335 | D:3      | Found a runed translucent gate.
  2335 | D:3      | Found a runed translucent gate.
  2441 | D:3      | Noticed VeinyPole's ghost (amateur KoHu)
  2484 | D:3      | Found an iron altar of Okawaru.
  2715 | D:3      | Killed VeinyPole's ghost
  2716 | D:3      | Reached skill level 5 in Fighting
  2716 | D:3      | Reached XP level 5. HP: 48/48 MP: 4/4
  2776 | D:4      | Reached XP level 6. HP: 56/56 MP: 5/5
  2848 | D:4      | Noticed Grinder
  2852 | D:4      | Paralysed by Grinder for 4 turns
  2863 | D:4      | Killed Grinder
  3107 | D:4      | Found Pouse's Gadget Shop.
  3222 | D:4      | Reached XP level 7. HP: 61/62 MP: 6/6
  3426 | D:4      | Found a basalt altar of Yredelemnul.
  3656 | D:4      | Found a snail-covered altar of Cheibriados.
  3699 | D:5      | Entered Level 5 of the Dungeon
  3798 | D:5      | Identified the +8 dire flail of the Beast {holy, +Rage
                  | rElec rN+ Dex-2}
  3799 | D:5      | Noticed anet's ghost (amateur GnHu)
  3801 | D:5      | Found a transporter.
  3816 | D:5      | Found Wulihic's Armour Emporium.
  4028 | D:5      | Bought the +0 pair of gloves of the Slightly Bent {+Inv
                  | rElec rC+ Dex-4} for 313 gold pieces
  4245 | D:5      | Reached skill level 5 in Shields
  4368 | D:5      | Reached XP level 8. HP: 32/70 MP: 7/7
  4496 | D:5      | Found a transporter.
  4722 | D:6      | Reached *** piety under Trog
  4751 | D:6      | Found a broken altar of Ashenzari.
  4983 | D:6      | Found a staircase to the Ecumenical Temple.
  5427 | D:6      | Reached skill level 10 in Axes
  6378 | D:7      | Found a blossoming altar of Fedhas.
  6400 | D:7      | Reached XP level 9. HP: 58/75 MP: 8/8
  6690 | D:7      | Found Vucza's Armour Shoppe.
  6752 | D:7      | Noticed Pikel
  6760 | D:7      | Killed Pikel
  7648 | D:8      | Got a slimy morningstar
  7668 | D:8      | Found a shimmering blue altar of Sif Muna.
  7791 | D:8      | Reached **** piety under Trog
  8385 | D:9      | Identified the +9 morningstar "Xamepn" {vorpal, rElec Will+
                  | Dex-4 Stlth+} (You found it on level 8 of the Dungeon)
  8487 | D:9      | Reached skill level 1 in Maces & Flails
  8510 | D:9      | Reached XP level 10. HP: 55/83 MP: 9/9
  8867 | D:9      | Found an ornate altar of the Wu Jian Council.
  8926 | D:9      | Reached skill level 5 in Maces & Flails
  8993 | D:9      | Found an opulent altar of Gozag.
  9070 | D:9      | Found a radiant altar of Vehumet.
  9108 | D:9      | Noticed a two-headed ogre
  9120 | D:9      | Killed a two-headed ogre
  9121 | D:9      | Reached skill level 10 in Shields
  9279 | D:10     | Entered Level 10 of the Dungeon
  9348 | D:10     | Found a staircase to the Lair.
  9356 | D:10     | Reached ***** piety under Trog
  9603 | D:10     | Found a roughly hewn altar of Beogh.
  9606 | D:10     | Found a staircase to the Orcish Mines.
  9677 | D:10     | Noticed a two-headed ogre
  9685 | D:10     | Killed a two-headed ogre
  9685 | D:10     | Received a gift from Trog
  9686 | D:10     | Reached XP level 11. HP: 95/95 MP: 10/10
 10251 | D:11     | Noticed Erica
 10369 | D:11     | Killed Erica
 10431 | D:11     | Noticed a seven-headed hydra
 10440 | D:11     | Killed a three-headed hydra
 10640 | D:11     | Reached skill level 10 in Maces & Flails
 10953 | D:11     | Noticed Fannar
 10985 | D:11     | Killed Fannar
 11007 | D:11     | Noticed Urug
 11013 | D:11     | Killed Urug
 11179 | D:11     | Found Idukumme's Antique Weapon Boutique.
 11235 | D:11     | Reached skill level 10 in Fighting
 11374 | D:12     | Noticed a red ugly thing
 11374 | D:12     | Noticed a death knight
 11439 | D:12     | Noticed a two-headed ogre
 11452 | D:12     | Killed a two-headed ogre
 11538 | D:12     | Noticed a brown ugly thing
 11554 | D:12     | Killed a brown ugly thing
 11563 | D:12     | Killed a red ugly thing
 11564 | D:12     | Reached XP level 12. HP: 75/106 MP: 11/11
 11580 | D:12     | Killed a death knight
 12354 | D:13     | Noticed a two-headed ogre
 12361 | D:13     | Killed a two-headed ogre
 12366 | D:13     | Noticed a four-headed hydra
 12374 | D:13     | Killed a one-headed hydra
 12494 | D:13     | Noticed a boulder beetle
 12952 | D:13     | Noticed an eight-headed hydra
 13105 | D:13     | Killed a boulder beetle
 13126 | D:13     | Killed a two-headed hydra
 13379 | D:13     | Got a twisted dagger
 13402 | D:13     | Noticed a vault guard
 13437 | D:13     | Got a scorched trident
 13449 | D:13     | Identified the +4 dagger of Gifrocw {pain, *Drain rElec rF+
                  | Str+3} (You found it on level 13 of the Dungeon)
 13450 | D:13     | Identified the cursed +0 trident of Niedghel {protect, rF++
                  | Dex-4 SInv Stlth+} (You found it on level 13 of the
                  | Dungeon)
 13487 | D:13     | Received a gift from Trog
 13622 | D:13     | Reached XP level 13. HP: 55/98 MP: 12/12
 13638 | D:13     | Mangled by a skeletal warrior

Illustrated notes

Levels and vault maps discovered:
D:1:      elethiomel_arrival_infinity_welcomes_careful_drivers, layout_basic
D:2:      layout_loops_ring, chequers_ecumenical_altar_simple_redux,
          bh_walls_and_bars
D:3:      layout_basic, general_overflow_altar, elyvilon_altar_3,
          nicolae_overflow_crystal_walls, nicolae_tso_carved_into_rock,
          lemuel_round_altar, gammafunk_ghost_necromancy
D:4:      layout_rooms, kennysheep_mini_moat, lemuel_zombie_altar_yredelemnul,
          serial_shops, nicolae_shop_temple_entry_statues_fountains,
          uniq_grinder
D:5:      layout_cave_pods, gammafunk_ghost_smash, serial_shops, shop
D:6:      layout_layer_cave, ashenzari_altar_1, minmay_temple_entry_ruins
D:7:      layout_basic, lemuel_doored_altar, serial_shops,
          nicolae_shop_behind_doors, uniq_pikel
D:8:      layout_cave_pods, lemuel_crystal_altar
D:9:      layout_cave_pods, lemuel_round_altar, vehumet_statue,
          nzn_wu_jian_council_hall
D:10:     layout_loops_cross, erik_lair_island, david_orc_5
D:11:     layout_irregular_city, serial_shops, shop_statue, uniq_erica,
          uniq_fannar, uniq_urug
D:12:     layout_small_grid
D:13:     layout_basic, grunt_vaults_entry_fortified

Skill      XL: |  1  2  3  4  5  6  7  8  9 10 11 12 |
---------------+-------------------------------------+-----
Axes           | 4 5 6 7 9 11 13 | 13.2
Fighting       | 4 5 6 8 10 | 10.1
Shields        | 1 2 3 5 7 9 10 12 14 | 14.5
Maces & Flails | 2 8 11 14 | 14.0
Armour         | |  2.4
Dodging        | |  2.1

Action                   |  1- 3 |  4- 6 |  7- 9 | 10-12 | 13-15 || total
-------------------------+-------+-------+-------+-------+-------++-------
Melee: Hand axe          |    64 |    41 |   353 |       |       ||   458
       Headbutt          |     9 |    11 |    72 |    84 |     3 ||   179
       Morningstar       |       |       |    34 |   493 |    15 ||   542
       Scimitar          |       |       |       |    24 |       ||    24
 Fire: Hunting sling     |    25 |    15 |     1 |       |       ||    41
Throw: Dart              |       |       |       |    12 |       ||    12
Invok: Berserk           |       |     2 |     5 |     6 |     1 ||    14
       Brothers in Arms  |       |       |       |     2 |       ||     2
       Trog's Hand       |       |       |       |     1 |       ||     1
  Use: Scroll            |       |       |    18 |     8 |       ||    26
Armor: Animal skin       |     8 |       |       |       |       ||     8
       Ring mail         |     6 |       |       |       |       ||     6
       Scale mail        |    21 |    15 |    62 |       |       ||    98
       Plate armour      |       |       |   181 |   277 |     2 ||   460
Dodge: Dodged            |    42 |    10 |   123 |   141 |     1 ||   317
Block: Kite shield       |    14 |    20 |   253 |   331 |     9 ||   627
       Rpst.: Scimitar   |       |       |       |     1 |       ||     1

Table legend: (Time is in decaauts)
 A = Elapsed time spent in this place.
 B = Non-inter-level travel time spent in this place.
 C = Inter-level travel time spent in this place.
 D = Time resting spent in this place.
 E = Time spent auto-exploring this place.
 F = Levels seen in this place.
 G = Mean time per level.
                   A        B        C        D        E       F      G
               +--------+--------+--------+--------+--------+-----+--------+
         Total |  13724 |  13220 |    504 |   2493 |   8358 |  13 | 1055.7 |
       Dungeon |  13724 |  13220 |    504 |   2493 |   8358 |  13 | 1055.7 |
               +--------+--------+--------+--------+--------+-----+--------+

Top non-repeatable levels by time:
     D:7: 1569 daAuts
     D:6: 1254 daAuts
    D:13: 1196 daAuts
    D:11: 1187 daAuts
     D:5: 1033 daAuts
    D:12: 1025 daAuts
    D:10: 951 daAuts
     D:3: 949 daAuts
     D:4: 944 daAuts
     D:9: 930 daAuts
     D:1: 927 daAuts
     D:2: 924 daAuts
     D:8: 830 daAuts
